 Dungeon Crawl Stone Soup version 0.23-a0-419-g0174fd8 (webtiles) character file.

8533 wilfster70 the Spear-Bearer (level 11, -17/90 HPs)
             Began as a Demonspawn Berserker on Nov 12, 2018.
             Was a High Priest of Trog.
             Demolished by a frost giant
             ... wielding the +8 frozen axe "Frostbite" {freezing cloud, *Noise +Fly rC+}
              (30 damage)
             ... on level 10 of the Dungeon.
             The game lasted 00:40:53 (12654 turns).

wilfster70 the Spear-Bearer (Demonspawn Berserker) Turns: 12654, Time: 00:40:54

Health: -17/90     AC: 18    Str: 20    XL:     11   Next: 11%
Magic:  15/15      EV:  7    Int:  8    God:    Trog [*****.]
Gold:   258        SH:  2    Dex: 14    Spells: 10/10 levels left

rFire    . . .     SeeInvis .   a - +4 halberd (freeze)
rCold    . . .     Gourm    .   (shield currently unavailable)
rNeg     . . .     Faith    .   s - +0 plate armour
rPois    +         Spirit   .   (helmet restricted)
rElec    .         Reflect  +   y - +1 cloak
rCorr    .         Harm     .   q - +0 pair of gloves
MR       .....                  K - +1 pair of boots
Stlth    ..........             t - +2 amulet of reflection
HPRegen  0.25/turn              l - ring of poison resistance
MPRegen  0.14/turn              (no ring)

@: flying
A: antennae 1, claws 1, talons 1, powered by pain 1, spiny 1
a: Berserk, Trog's Hand, Brothers in Arms, Renounce Religion


You were on level 10 of the Dungeon.
You worshipped Trog.
Trog was extremely pleased with you.
You were not hungry.

You visited 1 branch of the dungeon, and saw 10 of its levels.
You also visited: Ossuary.

You collected 445 gold pieces.
You spent 187 gold pieces at shops.

Inventory:

Hand Weapons
 a - a +4 halberd of freezing (weapon)
 b - a +3 antimagic spear
 F - the +7 mace of the Spinneret {venom, rC+ Str+2}
   (You found it on level 4 of the Dungeon)

   It poisons the flesh of those it strikes.
   It affects your strength (+2).
   It protects you from cold.
 G - a +6 arbalest of freezing
 Q - a +0 hunting sling
Missiles
 f - 420 stones (quivered)
 j - 3 throwing nets
 n - 92 sling bullets
Armour
 i - a +2 buckler
 q - a +0 pair of gloves (worn)
 s - a +0 plate armour (worn)
 y - a +1 cloak (worn)
 K - a +1 pair of boots (worn)
Jewellery
 l - a ring of poison resistance (left hand)
 t - a +2 amulet of reflection (around neck)
 L - the ring of the Iron Devil {+Fly rElec rC+ EV-5 Stlth-}
   (You found it on level 8 of the Dungeon)

   [ring of evasion]

   It affects your evasion (-5).
   It protects you from cold.
   It insulates you from electricity.
   It lets you fly.
   It makes you less stealthy.
Wands
 d - a wand of acid (18)
 o - a wand of digging (10)
 p - a wand of polymorph (9)
 w - a wand of scattershot (13)
 x - a wand of flame (22)
 B - a wand of disintegration (17)
Scrolls
 e - 4 scrolls of teleportation
 g - 6 scrolls of remove curse
 h - 3 scrolls of identify
 H - 2 scrolls of fog {unknown}
 M - a scroll of blinking
 N - a scroll of brand weapon {unknown}
 O - 2 scrolls of enchant weapon
Potions
 k - 4 potions of haste {unknown}
 m - 5 potions of curing {unknown}
 r - 3 potions of berserk rage {unknown}
 u - 4 potions of agility {unknown}
 v - 5 potions of lignification {unknown}
 z - 3 potions of heal wounds {unknown}
 A - a potion of degeneration {unknown}
 C - 3 potions of flight
 D - a potion of magic {unknown}
 E - 4 potions of brilliance {unknown}
 I - a potion of ambrosia {unknown}
 J - a potion of cancellation {unknown}
Comestibles
 c - 13 rations
 P - 5 chunks of flesh


   Skills:
 + Level 9.7 Fighting
 + Level 10.0 Polearms
 - Level 6.0 Armour
 - Level 2.1 Dodging
 - Level 4.6 Shields
 - Level 6.1 Evocations


You had 10 spell levels left.
You didn't know any spells.
Your spell library contained the following spells:

 Spells                   Type           Power        Failure   Level  Hunger
 Sting                    Conj/Pois      #...         100%        1    ##.....
 Poisonous Vapours        Pois/Air       #.....       100%        2    ###....
 Mephitic Cloud           Conj/Pois/Air  #.......     100%        3    ####...
 Ice Form                 Ice/Tmut       #.......     100%        4    #####..
 Olgreb's Toxic Radiance  Pois           #.......     100%        4    #####..
 Metabolic Englaciation   Hex/Ice        #.........   100%        5    ######.
 Venom Bolt               Conj/Pois      #.........   100%        5    ######.
 Bolt of Cold             Conj/Ice       #.........   100%        6    #######
 Freezing Cloud           Conj/Ice/Air   #.........   100%        6    #######
 Ozocubu's Refrigeration  Ice            #.........   100%        6    #######
 Simulacrum               Ice/Necr       #.........   100%        6    #######


Dungeon Overview and Level Annotations

Branches:
Dungeon (10/15)            Temple (0/1) D:7            Lair (0/6) D:9
    Orc: D:9-12

Altars:
Dithmenos
Hepliaklqana
Makhleb
Nemelex Xobeh
Sif Muna
Wu Jian
Yredelemnul

Shops:
D:6 [

Annotations:
D:7 1 runed door, Nr616's ghost, novice MiFi


Innate Abilities, Weirdness & Mutations

You have a pair of small antennae on your head.
You have sharp fingernails.
You have sharp toenails.
You sometimes gain a little power by taking damage.
You are partially covered in sharp spines.


Message History

Reactivating autopickup.
Your Polearms skill increases to level 10!
You feel a bit more experienced.
You barely miss the orc priest.
The orc priest looks encouraged for a moment.
You barely miss the orc priest.
The orc priest invokes the aid of Beogh against you.
Pain shoots through your body!
The frost giant gestures at you while chanting.
The bolt of cold hits the orc priest.
The orc priest resists.
The orc priest dies!
The bolt of cold hits you!
It was a potion of flight.
You feel very buoyant.
You fly up into the air.
The frost giant casts a spell at you. The bolt of cold hits you!
* * * LOW HITPOINT WARNING * * *
The frost giant hits you with the +8 frozen axe "Frostbite" {freezing cloud, You die...

# #.### #.###.#.#..##÷# #.##<#
##.........##)# ######
##.###.###.###.#......÷## .....#
##...###.#.## #.###.......
####.###.###.# #.#####.# ##.##.#.
#.....# #.# #.....#.# #.##.#.
#..##.###.# #.##..... . ....
#..###...## #.# .### # ###.. #..#
##### #@# # #<. #..# #C# # #..
#..# #.# #. #.. #..# #.# .#
###.###.. ####..####### #.#
..####........
............####.##..............
.###..##.....##...#.# ###.#####.#
.# #................#####.#####.#
.# #.###........................#


You could see a frost giant.

Vanquished Creatures
  Erica (D:9)
  A two-headed ogre (D:8)
  Pikel (D:6)
  Joseph (D:9)
  A rime drake (D:10)
  A troll (D:8)
  A hornet (D:10)
  A hippogriff (D:8)
  3 yaks (D:10)
  A hungry ghost (D:9)
  2 water moccasins (D:10)
  A porcupine (D:9)
  3 orc warriors
  A slave (D:6)
  A black bear (D:6)
  3 ice beasts
  A phantom (D:7)
  9 ogres
  A sky beast (D:8)
  An eye of draining (D:8)
  Blork the orc (D:6)
  3 centaurs
  5 bullfrogs
  7 scorpions (Ossuary)
  5 wights (D:10)
  5 howler monkeys
  5 crimson imps
  2 centaur zombies
  A human zombie (Ossuary)
  5 hounds
  7 orc wizards
  2 bullfrog skeletons
  3 bullfrog zombies
  3 orc priests
  A centaur skeleton (D:4)
  A jelly (D:9)
  3 iguanas
  Ijyb (D:3)
  14 worker ants
  Natasha (twice) (D:2)
  2 big kobold zombies (Ossuary)
  3 mummies (Ossuary)
  A howler monkey zombie (D:7)
  Robin (D:2)
  11 gnolls
  6 scorpion zombies (Ossuary)
  9 adders
  2 shadow imps
  An ooze (D:3)
  An adder zombie (D:8)
  An adder skeleton (D:2)
  2 worms
  4 dart slugs
  6 leopard geckos
  33 orcs
  3 ball pythons
  5 giant cockroaches
  6 gnoll zombies
  18 goblins
  9 hobgoblins
  18 jackals
  11 kobolds
  4 quokkas
  6 bats
  4 frilled lizards
  A goblin zombie (D:8)
  3 hobgoblin zombies (Ossuary)
  3 kobold zombies (Ossuary)
  A leopard gecko skeleton (D:6)
  An orc zombie (Ossuary)
  A quokka skeleton (D:4)
  A quokka zombie (D:6)
  7 rats
  A rat zombie (D:8)
297 creatures vanquished.

Vanquished Creatures (others)
  An orc priest (D:10)
  3 plants (D:5)
4 creatures vanquished.

Grand Total: 301 creatures vanquished

Notes
Turn   | Place    | Note
-------+----------+-------------------------------------------
     0 | D:1      | wilfster70 the Demonspawn Berserker began the quest for the
                  | Orb.
     0 | D:1      | Reached XP level 1. HP: 18/18 MP: 1/1
    46 | D:1      | Reached skill level 3 in Polearms
    46 | D:1      | Gained mutation: You have sharp fingernails. [demonic
                  | ancestry]
    46 | D:1      | Reached XP level 2. HP: 24/24 MP: 2/2
   840 | D:1      | Reached XP level 3. HP: 26/29 MP: 3/3
  1899 | D:2      | Reached ** piety under Trog
  2015 | D:2      | Reached XP level 4. HP: 35/35 MP: 0/4
  2215 | D:2      | Noticed Natasha
  2367 | D:2      | HP: 1/36 [Natasha (3)]
  2368 | D:2      | Killed Natasha
  2757 | D:2      | Reached skill level 4 in Polearms
  2774 | D:2      | Noticed Natasha
  2790 | D:2      | Gained mutation: You are partially covered in sharp spines.
                  | [demonic ancestry]
  2790 | D:2      | Reached XP level 5. HP: 41/42 MP: 1/5
  2798 | D:2      | Noticed Robin
  2819 | D:2      | Killed Robin
  3699 | D:2      | Killed Natasha
  3731 | D:3      | Noticed Ijyb
  3753 | D:3      | Killed Ijyb
  3994 | D:3      | Gained mutation: You have a pair of small antennae on your
                  | head. [demonic ancestry]
  3994 | D:3      | Reached XP level 6. HP: 41/48 MP: 2/6
  4116 | D:3      | Found a shadowy altar of Dithmenos.
  4248 | D:3      | Found a deep blue altar of Sif Muna.
  4323 | D:3      | Reached *** piety under Trog
  4351 | D:3      | Found a burning altar of Makhleb.
  4495 | D:4      | Reached skill level 5 in Polearms
  4709 | D:4      | Reached XP level 7. HP: 55/55 MP: 2/7
  5133 | D:4      | Reached skill level 5 in Fighting
  5278 | D:4      | Reached skill level 1 in Shields
  5292 | D:4      | Reached skill level 6 in Polearms
  5628 | D:4      | Got a shimmering mace
  5629 | D:4      | Identified the +7 mace of the Spinneret {venom, rC+ Str+2}
                  | (You found it on level 4 of the Dungeon)
  5743 | D:4      | Found a sparkling altar of Nemelex Xobeh.
  5890 | D:5      | Entered Level 5 of the Dungeon
  6029 | D:5      | Reached XP level 8. HP: 62/62 MP: 2/8
  6233 | D:5      | Reached **** piety under Trog
  6943 | D:5      | Found a basalt altar of Yredelemnul.
  7177 | D:6      | Noticed Blork the orc
  7193 | D:6      | Killed Blork the orc
  7347 | D:6      | Noticed Pikel
  7378 | D:6      | Killed Pikel
  7378 | D:6      | Reached skill level 5 in Armour
  7380 | D:6      | Gained mutation: You have sharp toenails. [demonic
                  | ancestry]
  7380 | D:6      | Reached XP level 9. HP: 60/69 MP: 3/9
  7554 | D:6      | Reached skill level 7 in Polearms
  7990 | D:6      | Found Vetwior's Antique Armour Boutique.
  7998 | D:6      | Bought a runed buckler for 187 gold pieces
  8484 | D:7      | Noticed Nr616's ghost (novice MiFi)
  8487 | D:7      | Found a runed door.
  8520 | D:7      | Found a staircase to the Ecumenical Temple.
  8694 | D:7      | Found an ornate altar of the Wu Jian Council.
  8800 | D:7      | Reached ***** piety under Trog
  8909 | D:8      | Found a sand-covered staircase.
  8931 | Ossuary  | Entered an ossuary
  8999 | Ossuary  | Reached skill level 1 in Evocations
  9106 | Ossuary  | Reached skill level 8 in Polearms
  9407 | D:8      | Found a hazy altar of Hepliaklqana.
  9423 | D:8      | Received a gift from Trog
  9491 | D:8      | Reached XP level 10. HP: 67/79 MP: 3/13
  9585 | D:8      | Noticed a two-headed ogre
  9603 | D:8      | Killed a two-headed ogre
 10275 | D:8      | Got a steaming bronze ring
 10286 | D:8      | Identified the cursed ring of the Iron Devil {+Fly rElec
                  | rC+ EV-5 Stlth-} (You found it on level 8 of the Dungeon)
 10441 | D:8      | Reached skill level 5 in Evocations
 10788 | D:9      | Noticed Erica
 10801 | D:9      | Killed Erica
 10959 | D:9      | Reached skill level 9 in Polearms
 11144 | D:9      | Found a staircase to the Lair.
 11426 | D:9      | Noticed Joseph
 11445 | D:9      | Killed Joseph
 11742 | D:10     | Entered Level 10 of the Dungeon
 12256 | D:10     | Gained mutation: You sometimes gain a little power by
                  | taking damage. [demonic ancestry]
 12256 | D:10     | Reached XP level 11. HP: 65/89 MP: 15/15
 12642 | D:10     | Noticed a frost giant
 12650 | D:10     | Reached skill level 10 in Polearms
 12654 | D:10     | Demolished by a frost giant

Vault maps used:
D:1:      sevenhm_arrival_forest_fort_small_5
D:2:      uniq_robin, uniq_natasha
D:3:      nicolae_overflow_crystal_walls,
          nicolae_dithmenos_through_a_glass_darkly, makhleb_heckhound_becter,
          uniq_ijyb
D:4:      overflow_temple_1_default, minivault_25, grunt_ministairs_13,
          minmay_misc_feat_four_crosses
D:5:      lemuel_zombie_altar_yredelemnul, first_ration, serial_bayou,
          serial_bayou_pond_d, serial_bayou_lagoon_a, serial_bayou_ford_a,
          serial_bayou_shore_a
D:6:      serial_shops, nicolae_shop_behind_doors, uniq_blork_the_orc,
          uniq_pikel
D:7:      kennysheep_mini_moat, minmay_temple_entry_nine_rooms,
          hellmonk_ghost_happy_afterlife
D:8:      lemuel_doored_altar, enter_ossuary_4, serial_corexii_hall,
          corexii_hall_statues_t, corexii_hall_statues_l
D:9:      grunt_lair_entry_orc_guard_hut, uniq_joseph, uniq_erica
D:10:     minmay_coctagon
Ossuary:  ossuary_minmay_scorpions

Skill      XL: |  1  2  3  4  5  6  7  8  9 10 11 |
---------------+----------------------------------+-----
Polearms       | 3 4 5 6 8 9 10 | 10.0
Armour         | 2 3 4 5 6 |  6.0
Dodging        | 2 |  2.1
Fighting       | 4 5 6 7 9 |  9.7
Shields        | 2 4 |  4.6
Evocations     | 4 6 |  6.1

Action                   |  1- 3 |  4- 6 |  7- 9 | 10-12 || total
-------------------------+-------+-------+-------+-------++-------
Melee: Spear             |     8 |   142 |   536 |   245 ||   931
       Halberd           |   132 |    54 |       |    48 ||   234
       Unarmed           |       |     1 |       |       ||     1
Invok: Berserk           |     3 |     4 |     8 |     5 ||    20
       Trog's Hand       |       |     2 |       |       ||     2
       Brothers in Arms  |       |       |       |     1 ||     1
  Use: Scroll            |       |       |    10 |     3 ||    13
       Potion            |       |       |       |     1 ||     1
 Stab: Sleeping          |     1 |       |       |       ||     1
  Eat: Chunk             |     5 |    13 |    18 |    16 ||    52
       Ration            |       |       |     2 |       ||     2
Armor: Animal skin       |    21 |       |       |       ||    21
       Plate armour      |    29 |   154 |   148 |    94 ||   425
       Ring mail         |    10 |       |       |       ||    10
Dodge: Dodged            |    81 |    65 |    92 |    37 ||   275
Block: Buckler           |       |       |    90 |    65 ||   155
       Reflection        |       |       |     3 |     4 ||     7
       Other             |       |       |       |     4 ||     4

Table legend:
 A = Non-vault XP
 B = Vault XP
 C = Vault XP percentage of total XP
 D = Non-vault monster count
 E = Vault monster count
 F = Vault count percentage of total count
                 A         B        C        D         E       F
            +---------+---------+-------+---------+---------+-------
      Total |    8105 |    4085 |  33.5 |     234 |      62 |  20.9
            +---------+---------+-------+---------+---------+-------
        D:1 |      80 |       2 |   2.4 |      33 |       1 |   2.9
        D:2 |     167 |      68 |  28.9 |      25 |      12 |  32.4
        D:3 |     113 |      79 |  41.1 |      22 |       2 |   8.3
        D:4 |     764 |      44 |   5.4 |      35 |       2 |   5.4
        D:5 |     562 |       3 |   0.5 |      13 |       2 |  13.3
        D:6 |     603 |     763 |  55.9 |      23 |       2 |   8.0
        D:7 |     830 |       0 |   0.0 |      17 |       0 |   0.0
        D:8 |    2067 |     183 |   8.1 |      22 |       4 |  15.4
        D:9 |     954 |    1752 |  64.7 |      18 |       5 |  21.7
       D:10 |    1965 |     502 |  20.3 |      26 |       2 |   7.1
    Ossuary |       0 |     689 | 100.0 |       0 |      30 | 100.0
            +---------+---------+-------+---------+---------+-------
